Map: Old Sun Temple LE

Players

NewNeighbor

  • Race: Zerg Zerg

GameStomp - Winner!

  • Race: Terran Terran
  • League: Gold

VOD

Have the link to the VOD?

Description

Time

  • Played on: Sept. 29, 2026, 1:09 p.m.
  • Length: 34:14
Show
View Real Time Build Order
Export as new Build Order

NewNeighbor Zerg 

Build Orders: Hatch First, Lurkers 

Get SALT Encoding   

  8  0:00  Drone  
  9  0:11  Drone  
  10  0:17  Drone  
  11  0:22  Drone  
  12  0:30  Extractor  
  12  0:31  Drone  
  13  0:39  Overlord  
  13  0:57  Drone x2  
  13  1:01  Drone  
  16  1:16  Drone  
  17  1:21  Hatchery  
  17  1:24  Drone  
  17  1:31  Drone  
  18  1:44  Spawning Pool, Drone  
  18  1:51  Drone  
  19  2:01  Drone  
  20  2:13  Extractor, Drone  
  20  2:24  Hatchery, Drone  
  20  2:30  Overlord  
  20  2:36  Drone  
  21  2:41  Drone  
  22  2:47  Drone  
  22  2:50  Drone  
  24  2:54  Drone  
  25  3:01  Drone  
  25  3:03  Drone, Queen  
  29  3:06  Queen  
  29  3:12  Overlord  
  31  3:18  Zergling x2  
  32  3:23  Spine Crawler  
  32  3:24  Zergling x2  
  32  3:27  Metabolic Boost  
  32  3:30  Zergling x2  
  32  3:33  Zergling x2  
  34  3:34  Zergling x2  
  34  3:37  Drone  
  34  4:02  Drone x2  
  36  4:03  Queen, Drone  
  36  4:04  Drone  
  36  4:05  Spine Crawler  
  36  4:06  Zergling x2  
  40  4:13  Drone x2  
  40  4:16  Extractor  
  40  4:20  Drone x2  
  40  4:21  Drone  
  43  4:29  Drone  
  43  4:30  Overlord  
  44  4:36  Spine Crawler  
  43  4:40  Drone  
  43  4:41  Spine Crawler  
  43  4:43  Drone  
  44  4:56  Lair  
  44  4:57  Drone  
  44  4:58  Drone x3  
  48  5:00  Drone x2  
  50  5:12  Drone  
  50  5:13  Drone  
  51  5:17  Overlord x3  
  51  5:20  Pneumatized Carapace  
  55  5:35  Drone x4  
  55  5:36  Drone  
  55  5:37  Drone x5  
  55  5:38  Drone  
  55  5:39  Drone  
  55  5:41  Drone  
  65  5:42  Drone  
  65  5:44  Drone  
  65  5:49  Zergling x4  
  66  5:58  Drone  
  66  5:59  Drone x2  
  66  6:02  Extractor, Drone x4  
  66  6:03  Drone x3, Extractor  
  74  6:10  Hydralisk Den  
  74  6:11  Evolution Chamber x2, Drone x2  
  72  6:16  Overlord  
  73  6:18  Drone  
  73  6:22  Extractor x2, Drone  
  73  6:28  Drone x2  
  73  6:31  Drone  
  76  6:33  Overlord x3  
  76  6:36  Drone x4  
  76  6:39  Grooved Spines  
  80  6:40  Zerg Ground Armor Level 1, Zerg Missile Weapons Level 1  
  78  6:49  Zergling x2  
  78  6:50  Zergling x10  
  84  6:58  Drone  
  84  7:00  Spore Crawler  
  84  7:03  Hydralisk x3  
  84  7:04  Hydralisk x3  
  84  7:05  Hydralisk x2  
  100  7:15  Queen  
  102  7:16  Hatchery  
  101  7:28  Hydralisk  
  101  7:29  Hatchery, Hydralisk, Nydus Network  
  103  7:42  Overlord  
  103  7:43  Overlord x3  
  103  7:44  Overlord x3  
  103  7:49  Queen  
  105  7:52  Queen  
  107  8:02  Drone  
  107  8:04  Drone x9  
  107  8:05  Drone  
  118  8:06  Drone  
  118  8:07  Drone  
  118  8:09  Drone  
  121  8:14  Drone x5  
  121  8:15  Drone  
  121  8:16  Drone  
  128  8:23  Overlord x2  
  128  8:26  Burrow  
  128  8:29  Overlord  
  128  8:47  Infestation Pit  
  127  8:49  Lurker Den  
  127  8:53  Drone x2  
  127  8:55  Drone x3  
  130  8:56  Drone x2, Extractor x2  
  130  9:00  Hydralisk x4  
  139  9:13  Spine Crawler, Drone x2  
  139  9:14  Spine Crawler x2  
  138  9:30  Spore Crawler  
  137  9:33  Drone  
  137  9:34  Spore Crawler  
  137  9:36  Zerg Ground Armor Level 2, Zerg Missile Weapons Level 2  
  137  9:37  Queen  
  137  9:38  Muscular Augments  
  139  9:40  Hive  
  139  9:49  Lurker  
  139  9:50  Lurker x7  
  147  10:02  Drone  
  147  10:03  Drone x5  
  153  10:11  Hydralisk x5  
  153  10:12  Hydralisk x4  
  170  10:15  Lurker x2  
  166  10:29  Hydralisk x14  
  194  10:41  Overseer x2, Spore Crawler  
  194  10:42  Overseer  
  192  10:43  Spore Crawler  
  191  10:56  Zergling x8  
  195  11:08  Seismic Spines  
  195  11:10  Adrenal Glands  
  195  11:13  Zergling x2  
  195  11:14  Overlord x7  
  195  11:15  Overlord  
  195  11:43  Overlord  
  195  11:54  Viper  
  198  12:06  Adaptive Talons  
  198  12:14  Unknown  
  198  12:55  Hatchery  
  192  13:05  Nydus Canal  
  192  13:30  Spore Crawler  
  192  13:32  Spore Crawler  
  192  13:33  Spore Crawler  
  189  13:34  Spore Crawler  
  189  13:37  Spore Crawler  
  189  13:38  Spore Crawler  
  186  14:20  Drone  
  186  14:21  Drone  
  188  14:36  Extractor, Zerg Ground Armor Level 3  
  188  14:38  Extractor  
  186  14:40  Zerg Missile Weapons Level 3  
  186  14:56  Spore Crawler  
  186  14:58  Drone x3  
  157  15:36  Swarm Host  
  157  15:37  Swarm Host x7  
  197  15:52  Lurker x3  
  187  16:48  Swarm Host x2  
  194  17:25  Hatchery  
  193  17:42  Swarm Host x2  
  177  18:18  Extractor x2, Hatchery  
  171  18:24  Swarm Host x2  
  192  18:56  Extractor x2  
  190  19:13  Hydralisk x4  
  198  19:23  Spine Crawler  
  197  19:25  Spore Crawler  
  197  19:26  Spine Crawler  
  197  19:28  Spine Crawler  
  197  19:29  Spine Crawler  
  193  19:35  Zergling x14  
  200  20:34  Spore Crawler  
  192  21:11  Zergling x2  
  192  21:12  Zergling x14  
  192  21:14  Zerg Melee Weapons Level 1  
  196  22:25  Nydus Canal  
  196  22:36  Hydralisk x3  
  187  23:10  Zergling x2  
  187  23:11  Zergling x22  
  193  24:46  Hydralisk  
  193  24:47  Hydralisk x2  
  199  24:58  Hatchery  
  134  27:12  Hydralisk x15  
  134  27:13  Hydralisk x16  
  191  27:25  Hatchery  
  191  27:27  Hatchery  
  191  27:29  Lair  
  189  27:31  Lair  
  189  27:37  Hatchery x3  
  188  27:40  Hydralisk Den  
  188  27:41  Hydralisk x11, Hatchery  
  198  28:02  Hydralisk  
  198  28:03  Hydralisk x5  
  170  28:22  Spawning Pool  
  160  28:31  Zergling x22  
  171  28:43  Drone x3  
  171  29:12  Nydus Network  
  168  29:28  Zergling x2  
  167  29:53  Nydus Canal  
  167  30:11  Infestation Pit  
  159  30:49  Zergling x30  
  178  30:50  Zergling x18  
  171  31:11  Hive  
  137  31:41  Hydralisk  
  137  31:42  Hydralisk x22  
  137  31:43  Hydralisk  
  178  32:25  Zergling x8  
  178  32:26  Zergling x36  
  200  32:55  Hatchery  
Show
View Real Time Build Order
Export as new Build Order

GameStomp Terran - Winner!

Build Orders:  

Get SALT Encoding   

  8  0:00  SCV  
  9  0:13  SCV  
  10  0:25  SCV  
  11  0:29  Supply Depot  
  11  0:37  SCV  
  12  0:49  SCV  
  13  0:56  Barracks  
  13  1:01  SCV  
  14  1:13  SCV  
  15  1:22  Barracks  
  15  1:25  SCV  
  16  1:31  Refinery  
  16  1:37  SCV  
  17  1:44  Supply Depot  
  17  1:48  Marine  
  17  1:51  SCV  
  19  2:03  SCV  
  20  2:08  Marine  
  22  2:15  SCV  
  22  2:19  Refinery, Reaper  
  23  2:27  SCV  
  23  2:29  Marine  
  25  2:39  SCV  
  26  2:47  Marine  
  26  2:50  Supply Depot  
  27  2:52  SCV  
  27  2:53  Reaper  
  29  3:08  Orbital Command  
  29  3:09  Factory  
  29  3:11  Marine  
  26  4:03  Marine x2  
  28  4:21  Marine x2  
  28  4:34  Factory Tech Lab  
  29  4:38  SCV  
  29  4:44  Barracks Reactor  
  29  4:45  Command Center  
  29  4:49  Bunker  
  30  4:52  SCV  
  30  4:56  Barracks Tech Lab  
  30  5:00  Barracks  
  30  5:02  Engineering Bay  
  30  5:03  Starport  
  30  5:04  Engineering Bay  
  30  5:05  SCV  
  31  5:09  Siege Tank  
  34  5:17  SCV  
  35  5:24  Factory  
  35  5:29  SCV  
  35  5:30  Command Center  
  35  5:31  Marine  
  37  5:56  Marine x2  
  37  5:57  SCV, Marine x2  
  40  6:01  Siege Tank  
  45  6:09  SCV  
  46  6:14  Marine  
  46  6:15  Marine x2  
  46  6:16  Supply Depot x2, Factory Reactor  
  49  6:19  Starport Tech Lab  
  49  6:20  Supply Depot  
  49  6:21  SCV  
  50  6:30  Missile Turret  
  50  6:34  Missile Turret  
  50  6:37  SCV  
  51  6:49  SCV  
  51  6:52  Orbital Command  
  52  7:01  SCV  
  52  7:03  Marine  
  52  7:04  Marine x3  
  57  7:09  Hellion  
  57  7:13  Hellion  
  57  7:14  SCV  
  62  7:26  SCV  
  65  7:30  Hellion  
  65  7:31  Hellion  
  65  7:32  Banshee  
  70  7:37  Refinery  
  70  7:38  SCV  
  70  7:39  Refinery  
  70  7:43  Bunker  
  71  7:48  Supply Depot  
  71  7:50  Supply Depot  
  71  7:53  Supply Depot  
  71  7:55  Supply Depot  
  71  7:56  Supply Depot  
  71  7:58  SCV x2  
  71  7:59  SCV  
  71  8:04  Marine x3  
  77  8:17  Orbital Command  
  77  8:18  SCV x2  
  77  8:19  Marine  
  80  8:21  Marine  
  80  8:24  Infernal Pre-Igniter  
  80  8:26  Combat Shield  
  81  8:30  SCV x2  
  81  8:32  Terran Infantry Armor Level 1  
  81  8:33  Terran Infantry Weapons Level 1  
  83  8:41  Armory  
  83  8:42  SCV  
  83  8:44  Marine x2  
  83  8:45  Barracks, Barracks Tech Lab  
  83  8:47  SCV  
  83  8:48  SCV  
  88  8:54  SCV  
  89  8:56  Marine  
  89  8:59  SCV  
  89  9:00  SCV  
  89  9:01  Marine  
  93  9:03  Siege Tank  
  93  9:06  SCV  
  97  9:11  SCV  
  97  9:12  SCV  
  97  9:13  Refinery x2  
  99  9:19  SCV, Bunker  
  99  9:21  Bunker  
  99  9:22  Supply Depot  
  99  9:23  SCV  
  101  9:29  Marine  
  101  9:30  Marine x3  
  105  9:39  SCV x2, Supply Depot  
  105  9:40  Supply Depot  
  105  9:41  Supply Depot  
  105  9:45  Marine, Stimpack  
  108  9:46  Supply Depot  
  108  9:47  Marine x4  
  108  9:49  Hellion, Supply Depot  
  108  9:50  SCV  
  108  9:51  SCV x2  
  117  9:53  Supply Depot  
  117  10:02  SCV  
  117  10:03  SCV x2, Banshee  
  123  10:07  Cloaking Field  
  123  10:13  Drilling Claws  
  123  10:15  Widow Mine x3  
  127  10:36  Widow Mine  
  127  10:41  Marine x5  
  133  10:58  Marine  
  133  10:59  Marine x4  
  138  11:12  Widow Mine x3  
  138  11:16  Marine  
  138  11:17  Marine x4  
  149  11:19  Viking  
  149  11:25  Concussive Shells  
  151  11:34  Hellion x2, Marine  
  151  11:35  Marine x4  
  160  11:43  Siege Tank  
  163  11:47  SCV  
  163  11:48  SCV x2  
  163  11:49  Medivac  
  163  11:52  Marine x3  
  163  11:53  Marine x2  
  173  12:00  SCV x3  
  162  12:10  Marine x3  
  162  12:12  SCV x3  
  162  12:15  Siege Tank  
  154  12:24  SCV x3  
  154  12:28  Marauder x2  
  154  12:29  Marine x2  
  162  12:30  Marine  
  162  12:33  Widow Mine  
  162  12:34  Widow Mine  
  162  12:36  SCV x3  
  171  12:45  Command Center  
  171  12:47  Marine x3, Siege Tank  
  171  12:49  Marauder x2  
  171  12:50  Raven  
  181  12:54  Hyperflight Rotors  
  181  12:55  Widow Mine  
  183  12:58  Widow Mine  
  183  13:05  Marine x3  
  182  13:18  Terran Infantry Weapons Level 2  
  182  13:20  Terran Infantry Armor Level 2  
  182  13:22  Marine  
  183  13:38  Supply Depot  
  183  13:39  Supply Depot x2  
  183  13:40  Supply Depot x2  
  183  13:43  Supply Depot  
  183  13:45  Supply Depot  
  183  13:48  Supply Depot  
  183  13:52  Missile Turret  
  183  13:56  Marine x2, Siege Tank  
  183  13:57  Widow Mine x2, Marauder x2  
  183  13:59  Marine, Missile Turret  
  183  14:00  Raven  
  183  14:01  Missile Turret  
  195  14:14  Interference Matrix, Marine x2  
  197  14:17  Marine  
  197  14:18  Marauder  
  200  14:26  Planetary Fortress  
  200  14:37  Terran Vehicle Weapons Level 1  
  200  14:43  Mag-Field Accelerator  
  200  14:46  Command Center  
  192  15:27  Marine, Marauder  
  192  15:28  Marine x2, Marauder  
  163  15:32  Cyclone  
  163  15:35  Banshee  
  136  15:40  Widow Mine  
  136  15:41  Hellion  
  143  15:45  Marine x2  
  143  15:46  Marine  
  143  15:49  Marauder x2  
  147  15:58  Supply Depot  
  147  15:59  Supply Depot  
  147  16:02  Hellion x2  
  147  16:03  Marine x2  
  147  16:04  Marine, Siege Tank  
  157  16:05  Supply Depot  
  157  16:10  Marauder x2  
  156  16:18  Raven  
  156  16:21  Marine x3  
  156  16:23  Smart Servos, Hellion  
  156  16:24  Hellion  
  165  16:31  Terran Vehicle And Ship Armor Level 1, Terran Infantry Weapons Level 3, Marauder  
  165  16:32  Marauder, Terran Infantry Armor Level 3  
  169  16:36  Siege Tank  
  169  16:38  Marine  
  169  16:39  Marine x2  
  162  16:41  Starport  
  162  16:42  Starport  
  162  16:44  Hellion  
  162  16:45  SCV x2  
  162  16:46  Fusion Core  
  166  16:52  Viking  
  166  16:53  Marauder x2  
  172  16:56  Marine  
  172  16:57  Marine  
  174  17:08  Cyclone  
  177  17:14  Marauder  
  177  17:15  Marauder, Marine  
  182  17:22  Medivac  
  179  17:23  Marine x2  
  179  17:27  Widow Mine  
  179  17:28  Hellion  
  185  17:33  Marine  
  185  17:36  Marauder x2  
  174  17:40  Siege Tank, Marine  
  174  17:41  Marine  
  179  17:49  Hellion x2  
  179  17:50  Marine  
  184  17:52  Medivac  
  184  17:57  Marauder x2  
  190  17:58  Marine  
  190  17:59  Marine  
  189  18:08  Marine  
  189  18:12  Siege Tank  
  179  18:16  Marine x2  
  179  18:18  Marauder  
  179  18:19  Marauder  
  145  18:22  Viking  
  145  18:24  Terran Vehicle Weapons Level 2  
  145  18:26  Hellbat, Marine  
  139  18:34  Marine x2  
  139  18:40  Marauder x2  
  142  18:44  Marine, Cyclone  
  141  18:52  Marine x2, Liberator  
  144  19:01  Marauder  
  144  19:02  Marauder  
  138  19:16  Marine, Siege Tank  
  138  19:17  Marine x2  
  130  19:23  Marauder x2  
  135  19:34  Marine x2  
  135  19:35  Marine, Raven  
  140  19:41  Planetary Fortress  
  140  19:44  Marauder x2  
  141  19:49  Siege Tank  
  144  19:55  Starport Tech Lab  
  144  20:05  Marauder  
  144  20:06  Marauder  
  133  20:10  Starport Tech Lab  
  120  20:19  Refinery x2  
  117  20:27  Marauder  
  119  20:34  Command Center  
  90  21:19  Battlecruiser  
  90  21:22  Battlecruiser  
  101  21:29  Battlecruiser  
  101  21:31  Command Center  
  106  22:10  Orbital Command  
  96  22:26  Battlecruiser x2  
  108  22:33  Battlecruiser  
  114  22:52  SCV  
  114  22:54  Terran Vehicle And Ship Armor Level 2  
  115  23:04  SCV  
  113  23:12  Planetary Fortress  
  110  23:14  Planetary Fortress  
  110  23:16  SCV  
  111  23:25  Refinery  
  111  23:26  Refinery  
  111  23:28  SCV  
  111  23:33  Weapon Refit  
  112  23:37  Battlecruiser  
  112  23:41  SCV  
  119  23:46  Battlecruiser  
  119  23:48  Starport Tech Lab  
  125  23:56  Refinery x2  
  125  24:05  Missile Turret  
  125  24:09  Missile Turret  
  125  24:13  Missile Turret  
  125  24:15  Battlecruiser  
  126  25:10  Terran Ship Weapons Level 1  
  126  25:12  Hellion x3  
  126  25:13  Marine  
  126  25:14  Marine  
  134  25:31  Marine x2  
  105  25:49  Marine  
  105  26:12  Supply Depot x2  
  105  26:13  Supply Depot x5  
  105  26:14  Supply Depot x3  
  105  26:15  Supply Depot  
  105  26:16  Supply Depot  
  105  26:17  Supply Depot  
  105  26:18  Supply Depot  
  105  26:19  Supply Depot x3  
  105  26:21  Supply Depot x2  
  105  26:34  SCV  
  105  26:39  Supply Depot  
  106  26:46  SCV  
  107  26:58  SCV  
  108  27:10  SCV  
  109  27:22  SCV  
  110  27:51  Hi-Sec Auto Tracking, Fusion Core  
  110  27:52  Fusion Core  
  80  28:36  SCV  
  80  28:37  SCV  
  82  28:44  Battlecruiser  
  82  28:48  Hellion, SCV  
  96  28:50  SCV  
  96  28:54  Hellbat  
  102  29:00  SCV  
  102  29:02  SCV  
  93  29:12  SCV  
  70  29:43  Barracks  
  70  29:46  Fusion Core  
  70  29:49  Barracks  
  70  29:51  Barracks  
  70  29:52  Barracks  
  70  30:00  Engineering Bay  
  70  30:05  Command Center  
  70  30:06  Command Center  
  48  31:26  Marine  
  48  31:28  Planetary Fortress  
  48  31:29  Marine  
  48  31:31  Planetary Fortress  
  50  31:33  Neosteel Armor  
  50  31:44  Marine  
  50  31:46  Marine  
  52  31:57  Caduceus Reactor  
  52  32:02  Marine  
  52  32:06  Supply Depot  
  52  32:07  Supply Depot  
  53  32:12  Supply Depot, Marine  
  49  32:20  Marine  
  48  32:29  Marine  
  49  32:38  Marine, Factory  
  49  32:42  SCV  
  51  32:47  Marine  
  52  32:54  SCV  
  52  32:55  Marine  
  54  33:05  Marine  
  32  33:23  Marine  
  31  33:35  SCV  
  32  33:47  SCV  
Tags
 
Composition
Lurkers
League
Gold
Matchup
TvZ
Add a new tag
Caveats
  • Supply blocks, unpowered buildings, or Contaminate may cause inaccurate times.
  • Supply counts are checked every 10 seconds.